 Dungeon Crawl Stone Soup version 0.31-a0-840-g6d2ecbb638 (webtiles) character file.

Game seed: 9810582397970413566

1387 Ivernyr the Twirler (level 8, 0/42 HPs)
             Began as a Vine Stalker Gladiator on Sept 27, 2023.
             Was an Initiate of Wu Jian.
             Killed from afar by a steam dragon (11 damage)
             ... with a ball of steam
             ... on level 6 of the Dungeon.
             The game lasted 00:11:31 (3974 turns).

Ivernyr the Twirler (Vine Stalker Gladiator)        Turns: 3974, Time: 00:11:32

Health: 0/42       AC:  8    Str: 18    XL:     8   Next: 67%
Magic:  0/9        EV: 34    Int:  8    God:    Wu Jian [......]
Gold:   264        SH:  0    Dex: 17    Spells: 7/7 levels left

rFire   . . .        a - +0 quarterstaff
rCold   . . .        (shield currently unavailable)
rNeg    . . .        b - +0 leather armour
rPois   .            c - +0 helmet
rElec   .            (no cloak)
rCorr   .            (no gloves)
SInv    .            (no boots)
Will    +....        x - amulet of the acrobat
Stlth   +            m - +5 ring of evasion
HPRegen 1.07/turn    C - +4 ring of protection
MPRegen 0.11/turn

%: acrobat, guardian spirit
@: acrobatic
A: fangs 3, regeneration 1, magic shield, antimagic bite, no potion heal 2
a: Renounce Religion


You were on level 6 of the Dungeon.
You worshipped Wu Jian.
Wu Jian was noncommittal.
You visited 2 branches of the dungeon, and saw 7 of its levels.

You collected 288 gold pieces.
You spent 24 gold pieces at shops.

Inventory:

Hand Weapons
 a - a +0 quarterstaff (weapon)
Missiles
 d - 3 throwing nets (quivered)
 e - a javelin
Armour
 b - a +0 leather armour (worn)
 c - a +0 helmet (worn)
Jewellery
 m - a +5 ring of evasion (left hand)
 x - an amulet of the acrobat (around neck)
 C - a +4 ring of protection (right hand)
Wands
 n - a wand of flame (35)
 q - a wand of acid (7)
 w - a wand of polymorph (12)
 D - a wand of digging (1)
Scrolls
 f - 3 scrolls of immolation
 g - a scroll of noise
 h - 5 scrolls of teleportation {unknown}
 j - a scroll of vulnerability {unknown}
 p - a scroll of revelation {unknown}
 t - a scroll of poison {unknown}
 u - 3 scrolls of identify
 v - 2 scrolls of silence {unknown}
 y - a scroll of fear {unknown}
 B - a scroll of amnesia {unknown}
Potions
 i - 2 potions of haste
 k - 2 potions of curing
 l - a potion of brilliance {unknown}
 o - 2 potions of lignification {unknown}
 r - 2 potions of magic
 s - 2 potions of enlightenment {unknown}
 z - 2 potions of heal wounds {unknown}
 A - a potion of might {unknown}


   Skills:
 + Level 4.4 Fighting
 * Level 6.6 Staves
 - Level 1.7 Throwing
 + Level 3.6 Armour
 + Level 4.5 Dodging


You had 7 spell levels left.
You didn't know any spells.
Your spell library was empty.

Dungeon Overview and Level Annotations

Branches:
Dungeon (6/15)             Temple (1/1) D:4

Altars:
Cheibriados
Dithmenos
Elyvilon
Fedhas
Gozag
Kikubaaqudgha
Makhleb
Nemelex Xobeh
Okawaru
Qazlal
Sif Muna
Uskayaw
Wu Jian
Xom
Zin

Shops:
D:1 [[:?*

Annotations:
D:3 Terence
D:4 3 runed translucent doors, Malachi's ghost, novice OpSh
D:6 Jeremiah


Innate Abilities, Weirdness & Mutations

You have razor-sharp teeth.
Your natural rate of healing is unusually fast.
When hurt, damage is shared between your health and your magic reserves.
Your bite disrupts and absorbs the magic of your enemies.
Potions cannot restore your health.


Message History

The steam dragon breathes steam at you. The ball of steam hits you!
* * * LOW HITPOINT WARNING * * *
The jelly is engulfed in a cloud of scalding steam.
You hit the steam dragon.
You bite the steam dragon, but do no damage.
The steam dragon is almost dead.
The steam dragon bites you.
* * * LOW HITPOINT WARNING * * *
The steam dragon barely misses you.
The steam dragon attacks as it pursues you!
The steam dragon misses you. x2
The steam dragon breathes steam at you. The ball of steam hits you!
* * * LOW HITPOINT WARNING * * *
Okay, then.
Magic courses through your body.
The bullfrog is engulfed in a cloud of scalding steam.
The steam dragon attacks as it pursues you!
The steam dragon barely misses you. The steam dragon completely misses you.
You hit the steam dragon but do no damage.
The steam dragon is almost dead.
The bullfrog snags a nearby mouse with its tongue.
The bullfrog hits you but does no damage.
You hit the steam dragon but do no damage.
The steam dragon is almost dead.
The steam dragon breathes steam at you. The ball of steam misses you.
The bullfrog misses you.
The steam dragon completely misses you. x2
The bullfrog is engulfed in a cloud of scalding steam.
The bullfrog misses you.
The steam dragon attacks as it pursues you!
The steam dragon completely misses you. The steam dragon misses you.
The bullfrog is engulfed in a cloud of scalding steam.
The water moccasin is engulfed in a cloud of scalding steam.
The steam dragon attacks as it pursues you!
The steam dragon closely misses you. The steam dragon misses you.
The steam dragon breathes steam at you. The ball of steam hits you!!
You die...

#.....# ###### ###..#..#
#....# #>.###..# #.##.#
#.......##############.##.##
#....##...)...#.....)......#
#####......####.#.#####.###..#
#.............................
#......###)..############.#<.#
#......#.....@.# #.####
########......§## #.#
#..†....D### #. #......#.FS##
#. #......###..## ## #......#
#§..## . #......# #....### #
#......# #......#### #
#......# #...##....# #


You could see a steam dragon (catching breath), a water moccasin and a bullfrog.

Vanquished Creatures
  A steam dragon (D:6)
  Menkaure (D:5)
  An ogre (D:5)
  A phantom (D:5)
  A centaur (D:6)
  A wyvern zombie (D:5)
  3 scorpions
  A water moccasin skeleton (D:5)
  A bullfrog zombie (D:5)
  5 hounds
  A jelly (D:5)
  2 bullfrog skeletons (D:5)
  5 iguanas
  3 gnolls (D:3)
  6 adders
  3 ufetubi
  An adder zombie (D:5)
  5 worms
  4 dart slugs
  7 orcs
  10 endoplasms
  4 giant cockroaches
  10 goblins
  10 hobgoblins
  4 jackals (D:3)
  7 kobolds
  7 quokkas
  5 ball pythons
  3 bats
  3 frilled lizards
  7 rats
123 creatures vanquished.

Vanquished Creatures (others)
  A jelly (D:6)
1 creature vanquished.

Grand Total: 124 creatures vanquished

Notes
Turn   | Place    | Note
-------+----------+-------------------------------------------
     0 | D:1      | Ivernyr the Vine Stalker Gladiator began the quest for the
                  | Orb.
     0 | D:1      | Reached XP level 1. HP: 11/11 MP: 2/2
   120 | D:1      | Reached XP level 2. HP: 15/15 MP: 1/3
   194 | D:1      | Reached skill level 3 in Staves
   204 | D:1      | Found Obrogim's Antique Armour Emporium.
   405 | D:1      | Found Ozarph's Armour Shoppe.
   553 | D:1      | Found Dipeibb's Magic Scroll Shoppe.
   564 | D:1      | Reached XP level 3. HP: 18/18 MP: 4/4
   572 | D:1      | Bought a scroll of identify for 24 gold pieces
   625 | D:1      | Found Tafisodd's Book Shop.
   700 | D:1      | Found Qainwouc's Assorted Antiques.
   848 | D:2      | Reached skill level 1 in Armour
  1117 | D:2      | Reached XP level 4. HP: 23/23 MP: 5/5
  1373 | D:3      | Found a faded altar of an unknown god.
  1431 | D:3      | Reached XP level 5. HP: 25/27 MP: 6/6
  1801 | D:3      | Reached skill level 4 in Staves
  1818 | D:3      | Noticed Terence
  1818 | D:3      | You fall into a shaft and drop 2 floors!
  1818 | D:5      | Entered Level 5 of the Dungeon
  1880 | D:5      | Reached XP level 6. HP: 32/32 MP: 7/7
  1944 | D:5      | Noticed Menkaure
  1998 | D:5      | HP: 1/32 [Menkaure (12)]
  1999 | D:5      | Killed Menkaure
  2088 | D:5      | Reached skill level 5 in Staves
  2088 | D:5      | Reached XP level 7. HP: 5/36 MP: 2/8
  2355 | D:5      | Gained mutation: You have razor-sharp teeth. [Vine Stalker
                  | growth]
  2355 | D:5      | Reached XP level 8. HP: 42/42 MP: 9/9
  2597 | D:4      | Found a burning altar of Makhleb.
  2597 | D:4      | Noticed an Executioner
  2600 | D:4      | Noticed a hellwing
  2626 | D:4      | Found a staircase to the Ecumenical Temple.
  2749 | Temple   | Entered the Ecumenical Temple
  2762 | Temple   | Became a worshipper of the Wu Jian Council
  2894 | D:4      | Found a glowing silver altar of Zin.
  2918 | D:4      | Reached skill level 6 in Staves
  3167 | D:4      | Found a runed translucent gate.
  3167 | D:4      | Noticed Malachi's ghost (novice OpSh)
  3168 | D:4      | Found a runed translucent gate.
  3169 | D:4      | Found a runed translucent gate.
  3169 | D:4      | Identified the +5 ring mail "Wanteak" {*Slow rF+ rC+ Int+6}
  3258 | D:4      | Found an opulent altar of Gozag.
  3604 | D:6      | Noticed Jeremiah
  3812 | D:6      | HP: 1/37 [steam dragon] (7)]
  3964 | D:6      | HP: 1/42 [steam dragon/ball of steam (10)]
  3974 | D:6      | Killed from afar by a steam dragon

Illustrated notes

Levels and vault maps discovered:
D:1:      dpeg_arrival_simpleton_b, layout_basic, serial_shops, shop,
          nicolae_shop_back_alley_shop, shop, nicolae_shop_waterfront,
          nicolae_shop_behind_doors, st_stairs_8
D:2:      layout_rooms, serial_bayou_lagoon_a
D:3:      layout_basic, nicolae_ru_path_of_blood,
          hellmonk_ecumenical_altar_arch_garden, uniq_terence
D:4:      layout_basic, pdpol_temple_overflow_zin_treasury_gozag_greed,
          makhleb_altar_promises_db, minmay_temple_entry_enclosed_plants,
          biasface_ghost_orc_armoury, minmay_close_crescents
D:5:      layout_loops_ring, serial_undead, serial_undead_c, serial_undead_a,
          serial_undead_c, serial_undead_b, uniq_menkaure
D:6:      layout_basic, uniq_jeremiah
Temple:   hc_temple_tempest_star

Skill      XL: |  1  2  3  4  5  6  7  8 |
---------------+-------------------------+-----
Fighting       | 2 3 4 |  4.4
Staves         | 3 4 5 6 |  6.6
Armour         | 1 2 3 |  3.6
Dodging        | 3 4 |  4.5
Throwing       | |  1.7

Action                     |  1- 3 |  4- 6 |  7- 9 || total
---------------------------+-------+-------+-------++-------
  Melee: Quarterstaff      |    91 |   125 |   170 ||   386
         Bite              |    10 |    38 |    48 ||    96
Ability: Lunge             |       |       |    17 ||    17
    Use: Scroll            |     3 |     2 |       ||     5
         Potion            |       |       |     1 ||     1
   Stab: Sleeping          |       |     1 |     1 ||     2
 Armour: Leather armour    |    40 |    64 |    77 ||   181
  Dodge: Dodged            |    70 |   117 |   168 ||   355

Table legend: (Time is in decaauts)
 A = Elapsed time spent in this place.
 B = Non-inter-level travel time spent in this place.
 C = Inter-level travel time spent in this place.
 D = Time resting spent in this place.
 E = Time spent auto-exploring this place.
 F = Levels seen in this place.
 G = Mean time per level.
                   A        B        C        D        E       F      G
               +--------+--------+--------+--------+--------+-----+--------+
         Total |   3999 |   3903 |     96 |    120 |   2647 |   7 |  571.3 |
       Dungeon |   3970 |   3874 |     96 |    120 |   2647 |   6 |  661.7 |
        Temple |     28 |     28 |      0 |      0 |      0 |   1 |   28.0 |
               +--------+--------+--------+--------+--------+-----+--------+

Top non-repeatable levels by time:
     D:5: 993 daAuts
     D:4: 822 daAuts
     D:1: 745 daAuts
     D:2: 567 daAuts
     D:3: 530 daAuts
     D:6: 312 daAuts
  Temple: 28 daAuts
